 Dungeon Crawl Stone Soup version 0.27.0-1-g7a089689b8 (webtiles) character file.

Game seed: 14858072706346905976

62 robertstho the Shooter (level 3, -2/31 HPs)
             Began as a Minotaur Hunter on Aug 16, 2021.
             Slain by an iguana (9 damage)
             ... on level 4 of the Dungeon.
             The game lasted 00:01:46 (1392 turns).

robertstho the Shooter (Minotaur Hunter)            Turns: 1392, Time: 00:01:47

Health: -2/31      AC:  3    Str: 16    XL:     3   Next: 85%
Magic:  2/2        EV: 11    Int:  8    God:
Gold:   65         SH:  0    Dex: 11    Spells: 2/2 levels left

rFire    . . .     SeeInvis .   a - +1 shortbow
rCold    . . .     Faith    .   (shield currently unavailable)
rNeg     . . .     Spirit   .   c - +0 leather armour
rPois    .         Reflect  .   (helmet restricted)
rElec    .         Harm     .   (no cloak)
rCorr    .         Rampage  .   (no gloves)
Will     .....                  (no boots)
Stlth    +.........             (no amulet)
HPRegen  0.10/turn              (no ring)
MPRegen  0.08/turn              (no ring)

@: hasted, very quick
A: horns 2, retaliatory headbutt
a: no special abilities


You were on level 4 of the Dungeon.
You visited 1 branch of the dungeon, and saw 3 of its levels.

You collected 65 gold pieces.

Inventory:

Hand Weapons
 a - a +1 shortbow (weapon)
 b - a +0 short sword
 k - a +1 dagger of electrocution
Missiles
 d - 7 arrows (quivered ammo)
Armour
 c - a +0 leather armour (worn)
Jewellery
 h - a ring of willpower
Scrolls
 f - a scroll of identify
 j - a scroll of summoning
 l - a scroll of teleportation {unknown}
Potions
 e - 2 potions of haste
 g - a potion of resistance {unknown}
 i - a potion of lignification {unknown}


   Skills:
 * Level 3.3 Fighting
 * Level 5.6 Bows
 + Level 0.4 Armour
 + Level 2.2 Dodging
 + Level 0.7 Stealth


You had 2 spell levels left.
You didn't know any spells.
Your spell library was empty.

Dungeon Overview and Level Annotations

Branches:
Dungeon (2/15)

Altars:
Trog


Innate Abilities, Weirdness & Mutations

You have a pair of horns on your head.
You reflexively headbutt those who attack you in melee.


Message History

The ufetubus hits you but does no damage.
The ufetubus hits you. x2
You shoot an arrow. The arrow hits the ufetubus!
You kill the ufetubus!
You shoot an arrow. The arrow hits the iguana.
The iguana is moderately wounded.
You shoot an arrow. The arrow barely misses the iguana.
The arrow misses the orc wizard.
The arrow hits the orc!
You kill the orc!
The orc wizard mumbles some strange words.
The orc wizard flickers and vanishes!
Deactivating autopickup; reactivate with Ctrl-A.
The iguana bites you!
Fire: 11 arrows
Press: ? - help, Q - select action Shift-Dir - straight line, f/p - iguana
Aim: an iguana (moderately wounded, 64% to hit)
You shoot an arrow. The arrow hits the iguana.
The iguana is heavily wounded.
The iguana closely misses you.
Fire: 10 arrows
Press: ? - help, Q - select action Shift-Dir - straight line, f/p - iguana
Aim: an iguana (heavily wounded, 64% to hit)
You shoot an arrow. The arrow closely misses the iguana.
The arrow completely misses the orc.
The iguana misses you.
Fire: 9 arrows
Press: ? - help, Q - select action Shift-Dir - straight line, f/p - iguana
Aim: an iguana (heavily wounded, 64% to hit)
You shoot an arrow. The arrow barely misses the iguana.
The arrow hits the orc!
You kill the orc!
The iguana closely misses you. You furiously retaliate!
You headbutt the iguana.
Fire: 8 arrows
Press: ? - help, Q - select action Shift-Dir - straight line, f/p - iguana
Aim: an iguana (heavily wounded, 64% to hit)
You shoot an arrow. The arrow closely misses the iguana.
The iguana bites you!
* * * LOW HITPOINT WARNING * * *
It was a potion of haste.
You feel yourself speed up. The iguana bites you!
You die...

#### ..#
#.# #@#
#l# #{#
#(# #(#
## # ###
#.# .#...
..#####.#
....#.
#:#.l..(#
..o...
#.#.#####


You could see an iguana.

Vanquished Creatures
  An adder (D:2)
  An ufetubus (D:4)
  A worm (D:2)
  A dart slug (D:1)
  2 orcs (D:4)
  6 endoplasms
  A giant cockroach (D:2)
  3 goblins
  3 hobgoblins
  4 kobolds (D:1)
  2 quokkas (D:1)
  2 ball pythons (D:2)
  7 bats
  2 frilled lizards
  2 rats (D:1)
38 creatures vanquished.

Notes
Turn   | Place    | Note
-------+----------+-------------------------------------------
     0 | D:1      | robertstho the Minotaur Hunter began the quest for the Orb.
     0 | D:1      | Reached XP level 1. HP: 18/18 MP: 0/0
   149 | D:1      | Reached XP level 2. HP: 26/26 MP: 1/1
   499 | D:1      | Reached skill level 5 in Bows
   717 | D:2      | Found a bloodstained altar of Trog.
   843 | D:2      | Reached XP level 3. HP: 31/31 MP: 2/2
  1089 | D:2      | Found a faded altar of an unknown god.
  1370 | D:2      | You fall into a shaft and drop 2 floors!
  1392 | D:4      | Slain by an iguana

Illustrated notes

Levels and vault maps discovered:
D:1:      lemuel_arrival_muddy, layout_rooms, roderic_lattice_a,
          hangedman_abyss_or_decor_stabs, minmay_tetromino_s4
D:2:      layout_basic, basic_altar, hellmonk_ecumenical_altar_heavens_door
D:4:      gammafunk_cloud_chamber, layout_basic

Skill      XL: |  1  2 |
---------------+-------+-----
Fighting       | 3 |  3.3
Bows           | 5 |  5.6
Armour         | |  0.4
Dodging        | |  2.2
Stealth        | |  0.7

Action                   || total
-------------------------++-------
 Fire: Shortbow          ||    97
  Use: Scroll            ||     2
       Potion            ||     1
Armor: Leather armour    ||    15
Dodge: Dodged            ||    28
